 Dungeon Sprint DCSS version 0.29-a0-512-gf59ac788ac (webtiles) character file.

Game seed: 9865944028299099117

5419 mhtbhm the Grappler (level 10, -12/104 HPs)
             Began as a Troll Transmuter on May 30, 2022.
             Was an Initiate of Gozag.
             Mangled by Agnes
             ... wielding a +0 lajatang
              (24 damage)
             ... in the Dungeon (Sprint IV: "Fedhas' Mad Dash").
             The game lasted 00:07:54 (2668 turns).

mhtbhm the Grappler (Troll Transmuter)              Turns: 2668, Time: 00:07:54

Health: -12/104    AC: 10    Str: 24    XL:     10   Next: 40%
Magic:  15/18      EV: 11    Int:  9    God:    Gozag
Gold:   1201       SH:  0    Dex: 10    Spells: 6/22 levels left

rFire   x . .      SeeInvis .     - Unarmed
rCold   + + +      Faith    .   (shield currently unavailable)
rNeg    . . .      Spirit   .   (body armour currently unavailable)
rPois   +          Reflect  .   (helmet currently unavailable)
rElec   .          Harm     .   (cloak currently unavailable)
rCorr   .          Rampage  .   (gloves unavailable)
Will    .....      NoTele   +   (boots unavailable)
Stlth   +++.......              d - amulet of regeneration
HPRegen 1.87/turn               c - +4 ring of protection
MPRegen 0.16/turn               (no ring)

@: ice-form, wereblooded, hasted, unable to read, very quick
A: freezing attack, amphibious, boosted hp, large, unfitting armour, (claws 3),
regeneration 1, (shaggy fur 1), (tough skin 1), inability to read while
threatened
a: End Transformation, Renounce Religion, Potion Petition, Call Merchant, Bribe
Branch


You were in the Dungeon.
You worshipped Gozag.
Gozag was most pleased with you.
You were a creature of crystalline ice.
You visited 1 branch You collected 2424 gold pieces.
You spent 504 gold pieces at shops.
You paid 719 gold pieces to Gozag.

Inventory:

Missiles
 j - 5 poisoned darts (quivered)
Armour
 a - a +0 robe (melded)
Jewellery
 c - a +4 ring of protection (left front paw)
 d - an amulet of regeneration (around neck)
 i - the amulet of invisibility {+Inv}
   (You found it in the Dungeon)

   [amulet of nothing]

   +Inv:      It lets you turn invisible.
Scrolls
 k - a scroll of vulnerability
 m - a scroll of immolation {unknown}
Potions
 b - a potion of lignification
 f - 2 potions of magic
 g - a potion of berserk rage
 l - 2 potions of invisibility {unknown}


   Skills:
 + Level 1.7 Fighting
 + Level 5.2 Dodging
 - Level 7.0 Stealth
 + Level 14.0 Unarmed Combat
 + Level 6.5 Spellcasting
 + Level 6.8 Transmutations
 - Level 2.9 Ice Magic
 + Level 2.5 Poison Magic
 + Level 7.1 Evocations


You had 6 spell levels left.
You knew the following spells:

 Your Spells              Type           Power      Damage    Failure   Level
a - Beastly Appendage     Tmut           30%        N/A       1%          1
b - Wereblood             Tmut           15%        N/A       1%          2
c - Spider Form           Tmut/Pois      11%        N/A       10%         3
d - Ice Form              Ice/Tmut       11%        N/A       28%         4
e - Statue Form           Tmut/Erth      6%         N/A       100%        6

Your spell library contained the following spells:

 Spells                   Type           Power      Damage    Failure   Level
 Ozocubu's Armour         Ice            8%         N/A       19%         3
 Leda's Liquefaction      Hex/Erth       1%         N/A       91%         4
 Metabolic Englaciation   Hex/Ice        2%         N/A       97%         5
 Lee's Rapid Deconstruct  Erth           1%         3d5*      99%         5
 Dispersal                Tloc           1%         N/A       100%        6
 Disjunction              Tloc           1%         N/A       100%        8
 Simulacrum               Ice/Necr       Unusable   N/A       N/A         6

Dungeon Overview and Level Annotations

Branches:
Dungeon (1/1)

Altars:
Cheibriados
Dithmenos
Elyvilon
Gozag
Hepliaklqana
Kikubaaqudgha
Makhleb
Nemelex Xobeh
Okawaru
Qazlal
Ru
Sif Muna
Trog
Uskayaw
Vehumet
Wu Jian
Xom
Yredelemnul
Zin
The Shining One
Beogh
Jiyva
Lugonu

Shops:
D :((***(

Annotations:
D Agnes


Innate Abilities, Weirdness & Mutations

You are a creature of crystalline ice.
You have a powerful freezing melee attack.
You are amphibious.
Your maximum health is increased.
Your armour is entirely melded.
You are incapable of wielding weapons or throwing items.
You are too large for most types of armour.
((You have claws for hands.))
Your natural rate of healing is unusually fast.
((You are covered in fur. (AC +1)))
((You have tough skin. (AC +1)))
You sometimes lose the ability to read scrolls when taking damage.


Message History

Agnes hits you with a +0 lajatang!!
You closely miss Agnes.
Agnes is lightly wounded.
Agnes hits you with a +0 lajatang!
You barely miss Agnes.
Agnes is lightly wounded.
Agnes hits you with a +0 lajatang.
You hit Agnes. You freeze Agnes.
Agnes is lightly wounded.
Agnes hits you with a +0 lajatang!
You feel threatened and lose the ability to read scrolls!
You barely miss Agnes.
Agnes is lightly wounded.
Agnes closely misses you.
You punch Agnes! You freeze Agnes.
Agnes is moderately wounded.
You pummel Agnes!! You freeze Agnes!
Agnes is severely wounded.
Agnes closely misses you. Agnes hits you with a +0 lajatang!!
You punch Agnes! You freeze Agnes.
Agnes is almost dead.
Unknown command.
Okay, then.
You hit Agnes. You freeze Agnes.
Agnes is almost dead.
Agnes hits you with a +0 lajatang.
* * * LOW HITPOINT WARNING * * *
You miss Agnes.
Agnes is almost dead.
Agnes barely misses you.
Unknown command.
You hit Agnes but do no damage.
Agnes is almost dead.
Agnes hits you with a +0 lajatang!!
* * * LOW HITPOINT WARNING * * *
You miss Agnes.
Agnes is almost dead.
Agnes hits you with a +0 lajatang!!
You die...
Your body crumbles into a pile of gold.

#################################
#.⌠._._._._.⌠.#..)...#....##∩##)#
'.._._._._._..'.)#...#....'.|##'#
#..._._._._...#..###'##..)##∩#..#
#.._._._._._..#.[##∩∩.'...#####..
#._._._._._.⌠.#################..
###################......###.....
#♣♣♣♣♣..♣.###.'∩Y'......['.[)..♣.
......♣..♣##..#.i#.P.....########
♣..♣♣♣.♣).###.##'##.P....#
.♣♣.[♣...♣'...#♣.♣######## #
############... ♣.. .... ♣...
#####


You could see Agnes.

Vanquished Creatures
  A spriggan druid (D)
  6 oklob plants (D)
  A demonic crawler (D)
  A queen bee (D)
  3 wandering mushrooms (D)
  A hornet (D)
  3 burning bushes (D)
  3 scorpions (D)
  4 killer bees (D)
  5 oklob saplings (D)
  5 spriggans (D)
  A river rat (D)
  A rat (D)
  A ballistomycete spore (D)
36 creatures vanquished.

Notes
Turn   | Place    | Note
-------+----------+-------------------------------------------
     0 | D        | mhtbhm the Troll Transmuter began the quest for the Orb.
     0 | D        | Reached XP level 1. HP: 18/18 MP: 1/1
     9 | D        | Reached skill level 4 in Unarmed Combat
     9 | D        | Reached XP level 2. HP: 26/26 MP: 0/3
   107 | D        | Learned a level 2 spell: Wereblood
   111 | D        | Noticed an oklob sapling
   113 | D        | Killed an oklob sapling
   114 | D        | Reached skill level 5 in Unarmed Combat
   114 | D        | Reached XP level 3. HP: 32/32 MP: 0/5
   114 | D        | Noticed a scorpion
   115 | D        | Found the amulet of invisibility {+Inv}
   117 | D        | Killed a scorpion
   118 | D        | Reached skill level 6 in Unarmed Combat
   118 | D        | Reached XP level 4. HP: 33/40 MP: 0/6
   185 | D        | Found an opulent altar of Gozag.
   185 | D        | Found a hazy altar of Hepliaklqana.
   185 | D        | Found a burning altar of Makhleb.
   185 | D        | Found a sparkling altar of Nemelex Xobeh.
   185 | D        | Found a snail-covered altar of Cheibriados.
   185 | D        | Found a sacrificial altar of Ru.
   185 | D        | Found a shimmering blue altar of Sif Muna.
   185 | D        | Found a shimmering altar of Xom.
   185 | D        | Found a basalt altar of Yredelemnul.
   186 | D        | Found a viscous altar of Jiyva.
   186 | D        | Found a bloodstained altar of Trog.
   186 | D        | Found an ornate altar of the Wu Jian Council.
   187 | D        | Found an iron altar of Okawaru.
   187 | D        | Found a shadowy altar of Dithmenos.
   187 | D        | Found a glowing silver altar of Zin.
   188 | D        | Found an ancient bone altar of Kikubaaqudgha.
   188 | D        | Found a hide-covered altar of Uskayaw.
   189 | D        | Found a stormy altar of Qazlal.
   189 | D        | Found a white marble altar of Elyvilon.
   189 | D        | Found a glowing golden altar of the Shining One.
   190 | D        | Became a worshipper of Gozag Ym Sagoz the Greedy
   191 | D        | Found a corrupted altar of Lugonu.
   191 | D        | Found a radiant altar of Vehumet.
   197 | D        | Reached skill level 7 in Unarmed Combat
   197 | D        | Reached XP level 5. HP: 46/46 MP: 2/8
   225 | D        | Learned a level 3 spell: Spider Form
   230 | D        | Learned a level 4 spell: Ice Form
   300 | D        | Reached skill level 8 in Unarmed Combat
   308 | D        | Reached skill level 1 in Stealth
   308 | D        | Reached skill level 1 in Evocations
   319 | D        | Reached skill level 9 in Unarmed Combat
   319 | D        | Reached XP level 6. HP: 42/54 MP: 3/10
   335 | D        | Found Qaseap Payce's Weapon Shop.
   335 | D        | Found Gogasoku's Weapon Emporium.
   809 | D        | Gained mutation: You sometimes lose the ability to read
                  | scrolls when taking damage. [mutagenic glow]
   988 | D        | Noticed a queen bee
  1312 | D        | Reached skill level 1 in Fighting
  1323 | D        | Killed a queen bee
  1324 | D        | Reached skill level 10 in Unarmed Combat
  1324 | D        | Reached XP level 7. HP: 18/62 MP: 2/12
  1512 | D        | Noticed an oklob plant
  1524 | D        | Killed an oklob plant
  1525 | D        | Reached skill level 5 in Transmutations
  1525 | D        | Reached skill level 1 in Ice Magic
  1525 | D        | Reached skill level 1 in Poison Magic
  1525 | D        | Reached skill level 5 in Evocations
  1525 | D        | Reached XP level 8. HP: 50/70 MP: 6/14
  1701 | D        | Noticed a burning bush
  1708 | D        | Killed a burning bush
  1831 | D        | Noticed a burning bush
  1831 | D        | Noticed an oklob plant
  1832 | D        | Noticed a wandering mushroom
  1834 | D        | Killed a burning bush
  1835 | D        | Reached skill level 11 in Unarmed Combat
  1835 | D        | Reached skill level 5 in Spellcasting
  1844 | D        | Killed an oklob plant
  1847 | D        | Killed a wandering mushroom
  1848 | D        | Reached XP level 9. HP: 76/76 MP: 6/16
  1957 | D        | Noticed a burning bush
  1957 | D        | Noticed a wandering mushroom
  1958 | D        | Noticed a wandering mushroom
  1960 | D        | Killed a wandering mushroom
  1961 | D        | Reached skill level 12 in Unarmed Combat
  1965 | D        | Killed a burning bush
  1966 | D        | Reached skill level 5 in Stealth
  1971 | D        | Killed a wandering mushroom
  1988 | D        | Found Daqytuxt's Assorted Antiques.
  1988 | D        | Found Joti Xoh's Assorted Antiques.
  2080 | D        | Noticed a spriggan druid
  2082 | D        | Killed a spriggan druid
  2090 | D        | Noticed an oklob plant conjurer
  2093 | D        | Killed an oklob plant conjurer
  2094 | D        | Reached skill level 13 in Unarmed Combat
  2140 | D        | Noticed an oklob plant
  2140 | D        | Noticed an oklob plant summoner
  2141 | D        | Noticed an oklob plant shifter
  2147 | D        | Killed an oklob plant
  2148 | D        | Reached skill level 5 in Dodging
  2148 | D        | Reached XP level 10. HP: 85/85 MP: 10/18
  2153 | D        | Killed an oklob plant summoner
  2158 | D        | Killed an oklob plant shifter
  2471 | D        | Noticed a spriggan rider
  2472 | D        | Found Dytyxko's General Store.
  2488 | D        | Reached skill level 14 in Unarmed Combat
  2532 | D        | Found Gyoz's Antique Weapon Shoppe.
  2570 | D        | Identified the +6 shortbow of Grontol {vorpal, rPois}
  2605 | D        | Bought a book of the Earth for 504 gold pieces
  2612 | D        | Learned a level 6 spell: Statue Form
  2651 | D        | Noticed Agnes
  2668 | D        | Mangled by Agnes

Illustrated notes

Levels and vault maps discovered:
D:        dungeon_sprint_fedhas [sprint_temple]

Skill      XL: |  1  2  3  4  5  6  7  8  9 10 |
---------------+-------------------------------+-----
Dodging        | 2 3 4 5 |  5.2
Unarmed Combat | 4 5 6 7 9 10 11 13 14 | 14.0
Spellcasting   | 2 3 4 5 6 |  6.5
Transmutations | 2 3 4 5 6 |  6.8
Stealth        | 1 2 3 4 6 7 |  7.0
Evocations     | 1 4 5 6 7 |  7.1
Fighting       | 1 |  1.7
Ice Magic      | 1 2 |  2.9
Poison Magic   | 1 2 |  2.5

Action                   |  1- 3 |  4- 6 |  7- 9 | 10-12 || total
-------------------------+-------+-------+-------+-------++-------
Melee: Unarmed           |     6 |    37 |    46 |    34 ||   123
       Headbutt          |     2 |       |     2 |       ||     4
       Kick              |     1 |       |     3 |       ||     4
 Cast: Beastly Appendage |     2 |       |     1 |       ||     3
       Wereblood         |     1 |     3 |     4 |     2 ||    10
       Ice Form          |       |     1 |     4 |     2 ||     7
       Spider Form       |       |     2 |     1 |       ||     3
Invok: Call Merchant     |       |       |       |     1 ||     1
 Abil: Evoke Invisibilit |       |     6 |     5 |       ||    11
  Use: Potion            |       |     2 |       |     1 ||     3
       Scroll            |       |     1 |       |     1 ||     2
 Stab: Invisible         |       |     6 |     3 |     2 ||    11
       Sleeping          |       |       |    10 |       ||    10
Armor: Skin              |       |     1 |     2 |     5 ||     8
       Robe              |       |     1 |       |       ||     1
Dodge: Dodged            |       |    11 |     4 |     5 ||    20

Table legend: (Time is in decaauts)
 A = Elapsed time spent in this place.
 B = Non-inter-level travel time spent in this place.
 C = Inter-level travel time spent in this place.
 D = Time resting spent in this place.
 E = Time spent auto-exploring this place.
 F = Levels seen in this place.
 G = Mean time per level.
                   A        B        C        D        E       F      G
               +--------+--------+--------+--------+--------+-----+--------+
         Total |   2635 |   2635 |      0 |   1896 |      0 |   1 | 2635.0 |
       Dungeon |   2635 |   2635 |      0 |   1896 |      0 |   1 | 2635.0 |
               +--------+--------+--------+--------+--------+-----+--------+

Top non-repeatable levels by time:
       D: 2635 daAuts
